[Event "Skilling Open CCT KO 2021"]
[Site "Online"]
[Date "2020.11.25"]
[Round "1.8"]
[White "Carlsen, Magnus"]
[Black "Giri, Anish"]
[Result "1/2-1/2"]
[ECO "B06"]
[WhiteElo "2881"]
[BlackElo "2731"]
[Annotator "RC"]
[PlyCount "99"]
[EventDate "2020.11.20"]
[EventType "k.o."]
[EventCountry "NET"]
[SourceTitle "playchess.com"]
[Source "ChessBase"]
[SourceQuality "1"]
[TimeControl "900+10"]

1. e4 c5 2. c3 d5 3. exd5 Qxd5 4. d4 g6 5. Nf3 Bg7 6. Na3 cxd4 7. Nb5 Na6 8. Be3 Nf6 9. Bxd4 O-O 10. Be2 Bg4 11. a4 e5 12. Bxa7 e4 13.
Qxd5 Nxd5 14. Nfd4 Bd7 15. Bc4 Nf4 16. g3 Rfc8 17. Bxf7+ Kxf7 18. gxf4 Kg8 19. Nb3 Nc7 20. O-O Nxb5 21. axb5 Bxb5 22. Rfe1 Bd3 23. Bd4 Bh6 24. Rxa8 Rxa8 25. Be5 Ra2 26. Nc5 Rxb2 27. Nxe4 Kf7 28. c4 Re2 29. Nd6+ Ke6 30. Rxe2 Bxe2 31. Nxb7 Bxc4 32. Nc5+ Kf5 33. f3 Bxf4 34. Bxf4 Kxf4 35. Kf2 h6 36. h4 Bb5 37. Ne6+ Ke5 38. Nc5 Kd4 39. Ne6+ Ke5 40. Nc5 Kd5 41. Ne4 Ke5 42. Kg3 Bd7 43. Nf2 Bf5 44. Nd1 Be6 45. Ne3 Bf5 46. h5 gxh5 47. Nxf5 Kxf5 48. Kh4 Kf4 49. Kxh5 Kxf3 50. Kxh6 1/2-1/2

[Event "Skilling Open CCT KO 2021"]
[Site "Online"]
[Date "2020.11.25"]
[Round "1.9"]
[White "Aronian, Levon"]
[Black "Nepomniachtchi, Ian"]
[Result "0-1"]
[ECO "A34"]
[WhiteElo "2778"]
[BlackElo "2778"]
[Annotator "RC"]
[PlyCount "82"]
[EventDate "2020.11.20"]
[EventType "k.o."]
[EventCountry "NET"]
[SourceTitle "playchess.com"]
[Source "ChessBase"]
[SourceQuality "1"]
[TimeControl "300+3"]

1. c4 c5 2. Nc3 Nf6 3. g3 d5 4. cxd5 Nxd5 5. Bg2 Nc7 6. d3 e5 7. Be3 Be7 8. Rc1 Ne6 9. Nf3 Nc6 10. O-O O-O 11. a3 Bd7 12. Nd5 b6 13.
b4 Rc8 14. Nxe7+ Qxe7 15. bxc5 Nxc5 16. Bxc5 bxc5 17. e3 Rfd8 18. Qb3 Bf5 19. Rfd1 e4 20. dxe4 Rxd1+ 21. Qxd1 Bxe4 22. Qa4 h6 23. h4 Rb8 24. Nd2 Bxg2 25. Kxg2 Ne5 26. Qe4 Qd6 27. Nc4 Nxc4 28. Rxc4 g6 29. h5 g5 30. Qf5 Rb5 31. a4 Qc6+ 32. e4 Ra5 33.
Kh2 Qa6 34. Rc3 c4 35. e5 Rxa4 36. Qc8+ Kg7 37. Qd7 Ra2 38. Rf3 Qe6 39. Qc7 Qd5 40. e6 Qxf3 41. Qe5+ Qf6 0-1

[Event "Skilling Open CCT KO 2021"]
[Site "Online"]
[Date "2020.11.25"]
[Round "1.9"]
[White "Radjabov, Teimour"]
[Black "So, Wesley"]
[Result "1/2-1/2"]
[ECO "D50"]
[WhiteElo "2758"]
[BlackElo "2741"]
[Annotator "RC"]
[PlyCount "190"]
[EventDate "2020.11.20"]
[EventType "k.o."]
[EventCountry "NET"]
[SourceTitle "playchess.com"]
[Source "ChessBase"]
[SourceQuality "1"]
[TimeControl "300+3"]

1. Nf3 d5 2. d4 Nf6 3. c4 e6 4. Nc3 c5 5. cxd5 cxd4 6. Qxd4 exd5 7. Bg5 Be7 8. e3 O-O 9. Be2 h6 10. Bh4 Nc6 11. Qd3 Qb6 12. O-O Rd8 13.
Rfd1 Be6 14. Qb5 Qxb5 15. Nxb5 g5 16. Bg3 Ne4 17. Rac1 Bf6 18.
Nfd4 Nxd4 19. Nxd4 Nxg3 20. hxg3 Rac8 21. Bd3 Rxc1 22. Rxc1 Rc8 23. Rd1 Bxd4 24. exd4 Kf8 25. f3 Ke7 26. Kf2 h5 27. Rh1 Rh8 28. Ke3 Kf6 29. g4 h4 30. g3 Re8 31. Kf2 hxg3+ 32. Kxg3 Rg8 33. Rh2 Ke7 34. Rh5 Kf6 35. Rh6+ Kg7 36. Rh7+ Kf6 37. Rh1 Ke7 38. Bf5 Bxf5 39. gxf5 Rc8 40. Re1+ Kf6 41. Re5 Rc2 42. Rxd5 Rxb2 43. a4 a6 44. Kg4 Rg2+ 45. Kh3 Rb2 46. Kg4 Rg2+ 47. Kh3 Rg1 48. Kh2 Ra1 49. a5 Rb1 50. Kg3 Rb5 51. Rd7 Rxf5 52. d5 Kg6 53. Rxb7 Rxd5 54. Rb6+ Kh5 55. Rxa6 f5 56. Ra8 f4+ 57. Kf2 Rd2+ 58. Ke1 Ra2 59. Rh8+ Kg6 60. Rg8+ Kf5 61. Rf8+ Ke5 62. Re8+ Kd4 63. Re4+ Kd5 64. Re2 Rxa5 65. Kf2 Ra3 66. Rd2+ Ke5 67. Re2+ Kd4 68. Re4+ Kd3 69. Re5 Ra2+ 70. Kf1 Rb2 71. Re6 Kd4 72. Re4+ Kd5 73. Re8 Kd6 74. Re4 Rb5 75. Kg2 Re5 76. Rd4+ Ke6 77. Kf2 Kf5 78. Rd8 Ra5 79. Rf8+ Kg6 80. Rg8+ Kh7 81. Rd8 Ra2+ 82. Kf1 Kg6 83. Rg8+ Kh6 84. Rh8+ Kg7 85. Rd8 Ra7 86. Kg2 Kg6 87. Rg8+ Rg7 88. Rd8 Rh7 89. Rd6+ Kh5 90. Rd8 Kh4 91. Rd1 Kh5 92. Rd8 g4 93. fxg4+ Kxg4 94. Rg8+ Kf5 95. Rf8+ Kg5 1/2-1/2

[Event "Skilling Open CCT KO 2021"]
[Site "Online"]
[Date "2020.11.25"]
[Round "1.10"]
[White "Nakamura, Hikaru"]
[Black "Vachier-Lagrave, Maxime"]
[Result "1-0"]
[ECO "D00"]
[WhiteElo "2829"]
[BlackElo "2860"]
[Annotator "RC"]
[PlyCount "107"]
[EventDate "2020.11.20"]
[EventType "k.o."]
[EventCountry "NET"]
[SourceTitle "playchess.com"]
[Source "ChessBase"]
[SourceQuality "1"]
[TimeControl "300+3"]

1. d4 Nf6 2. Bg5 d5 3. e3 c5 4. c3 Qb6 5. Qc1 Bf5 6. Nd2 Nbd7 7. Ngf3 e6 8. Nh4 Be4 9. a4 a6 10. Be2 h6 11. Bxf6 Nxf6 12. Nxe4 dxe4 13. g3 Be7 14. O-O O-O 15. Qc2 Rac8 16. Rfd1 Rfd8 17. Rac1 cxd4 18. exd4 Nd5 19. Ng2 f5 20. Qb1 Bg5 21. Rc2 Qb3 22. a5 Nb4 23. Rcc1 Bxc1 24. Rxc1 Nd5 25. f3 exf3 26. Bxf3 Qb5 27. Re1 Re8 28. Qa2 Kh8 29. Bh5 Re7 30. Nh4 Kh7 31. Ng6 Rec7 32. Ne5 Kg8 33. Ng6 Kh7 34. Rxe6 Nf6 35. Be2 Qd5 36. Qxd5 Nxd5 37. Bd3 Rf7 38. Ne5 Rff8 39. Rd6 Ne3 40. Rd7 Rb8 41. Rd6 Rbc8 42. Rb6 Rc7 43. Kf2 Nd5 44. Rd6 Ne7 45. Nd7 Rf7 46. Nc5 Nc6 47. b4 g6 48. h4 Ne7 49. Bc4 Rg7 50. Bb3 Rc6 51. Rd7 Nc8 52. Rxg7+ Kxg7 53. Bd5 Rc7 54. Ne6+ 1-0

[Event "Skilling Open CCT KO 2021"]
[Site "Online"]
[Date "2020.11.25"]
[Round "1.10"]
[White "Nepomniachtchi, Ian"]
[Black "Aronian, Levon"]
[Result "1-0"]
[ECO "B06"]
[WhiteElo "2778"]
[BlackElo "2778"]
[Annotator "RC"]
[PlyCount "63"]
[EventDate "2020.11.20"]
[EventType "k.o."]
[EventCountry "NET"]
[SourceTitle "playchess.com"]
[Source "ChessBase"]
[SourceQuality "1"]
[TimeControl "300+3"]

1. e4 g6 2. d4 Bg7 3. Nc3 a6 4. Nf3 d6 5. Be2 Nd7 6. O-O e6 7. Be3 Ne7 8. Qd2 h6 9. a4 b6 10. Rfe1 Bb7 11. h3 Nf6 12. Bd3 g5 13. e5 Nd7 14. exd6 cxd6 15. Ne4 Qc7 16. Qc3 Kd8 17. Qa3 Nf5 18. c4 Rg8 19. Rac1 Bf8 20.
c5 d5 21. Nexg5 hxg5 22. Bxf5 bxc5 23. dxc5 a5 24. Bxg5+ Kc8 25. Qe3 Ra6 26. Bf4 d4 27. Qxd4 Bxf3 28. Bxc7 Rxg2+ 29. Kf1 exf5 30. Re8+ Kb7 31. Qxd7 Rag6 32. Bb6+ 1-0

[Event "Skilling Open CCT KO 2021"]
[Site "Online"]
[Date "2020.11.25"]
[Round "1.10"]
[White "So, Wesley"]
[Black "Radjabov, Teimour"]
[Result "1/2-1/2"]
[ECO "B33"]
[WhiteElo "2741"]
[BlackElo "2758"]
[Annotator "RC"]
[PlyCount "90"]
[EventDate "2020.11.20"]
[EventType "k.o."]
[EventCountry "NET"]
[SourceTitle "playchess.com"]
[Source "ChessBase"]
[SourceQuality "1"]
[TimeControl "300+3"]

1. e4 c5 2. Nf3 Nc6 3. d4 cxd4 4. Nxd4 e5 5. Nb5 d6 6. N1c3 a6 7. Na3 b5 8. Nd5 Nf6 9. Bg5 Be7 10. Bxf6 Bxf6 11. c3 Rb8 12. Nc2 Bg5 13. a3 O-O 14. h4 Bh6 15. g4 f6 16. Be2 Ne7 17. Ncb4 Bb7 18.
Qd3 Kh8 19. Rd1 Rc8 20. Bf3 Nxd5 21. Nxd5 Rc5 22. Ne3 Bxe3 23. Qxe3 Rc4 24. b3 Rc8 25. O-O Qa5 26. b4 Qxa3 27. Rd3 Rc6 28.
Rfd1 h6 29. Bg2 Qb3 30. Rxd6 Qxc3 31. Qxc3 Rxc3 32. g5 hxg5 33. hxg5 Rc4 34. Rd8 Rc8 35. R8d7 Bc6 36. Ra7 fxg5 37. Rxa6 g4 38. Rb6 Be8 39. Rd2 Rc1+ 40. Kh2 Rc3 41. Rb8 Kh7 42. Kg1 Rc1+ 43. Kh2 Rc3 44. Kg1 Rc1+ 45. Kh2 Rc3 1/2-1/2